 Dungeon Crawl Stone Soup version 0.30-a0-137-gd8773701ce (webtiles) character file.

Game seed: 8846378907885850344

728 ryw the Trooper (level 7, -11/60 HPs)
             Began as a Demonspawn Monk on Sept 22, 2022.
             Mangled by an ogre
             ... wielding a +0 giant club
              (32 damage)
             ... on level 4 of the Dungeon.
             The game lasted 00:08:46 (4943 turns).

ryw the Trooper (Demonspawn Monk)                   Turns: 4943, Time: 00:08:47

Health: -11/60     AC:  7    Str: 13    XL:     7   Next: 44%
Magic:  7/7        EV: 13    Int: 12    God:
Gold:   120        SH:  3    Dex: 15    Spells: 6/6 levels left

rFire   x . .      SeeInvis .    p - +0 falchion
rCold   + . .      Faith    .    s - +0 buckler
rNeg    . . .      Spirit   .    q - +3 robe "Anutots" {Harm rF- rC+}
rPois   .          Reflect  .    (helmet restricted)
rElec   .          Harm     +    (no cloak)
rCorr   .          Rampage  .    m - +0 pair of gloves
Will    +....                    (no boots)
Stlth   ++........               (no amulet)
HPRegen 0.20/turn                i - ring of willpower
MPRegen 0.10/turn                (no ring)

@: no status effects
A: horns 1, rugged brown scales 1, powered by death 1
a: no special abilities


You were on level 4 of the Dungeon.
You visited 2 branches of the dungeon, and saw 5 of its levels.
You also visited: Sewer.

You collected 120 gold pieces.

Inventory:

Hand Weapons
 c - a +0 short sword
 p - a +0 falchion (weapon)
Missiles
 d - 48 stones (quivered)
Armour
 a - a +0 robe
 j - a +0 leather armour
 m - a +0 pair of gloves (worn)
 q - the +3 robe "Anutots" (worn) {Harm rF- rC+}
   (You found it on level 3 of the Dungeon)

   rF:        It makes you vulnerable to fire.
   rC:        It protects you from cold.
   Harm:      It increases damage dealt and taken.
 s - a +0 buckler (worn)
Jewellery
 i - a ring of willpower (left hand)
 y - a ring of poison resistance
Scrolls
 e - 2 scrolls of noise {unknown}
 f - a scroll of magic mapping {unknown}
 g - 3 scrolls of identify {unknown}
 k - 4 scrolls of teleportation {unknown}
 l - a scroll of enchant weapon {unknown}
 n - a scroll of enchant armour {unknown}
 o - a scroll of amnesia {unknown}
Potions
 b - a potion of ambrosia
 h - 2 potions of invisibility {unknown}
 r - a potion of haste {unknown}
 t - 3 potions of degeneration {unknown}
 u - 3 potions of curing
 v - a potion of mutation {unknown}
 w - 2 potions of heal wounds
 x - 2 potions of flight
 z - 2 potions of attraction {unknown}


   Skills:
 + Level 6.7 Fighting
 - Level 0.1(1.4) Short Blades
 + Level 2.5 Long Blades
 + Level 5.0 Dodging
 - Level 1.7 Stealth
 - Level 2.8 Unarmed Combat


You had 6 spell levels left.
You didn't know any spells.
Your spell library contained the following spells:

 Spells                   Type           Power      Damage    Failure   Level
 Sandblast                Erth           0%         2d4       41%         1
 Passwall                 Tmut/Erth      0%         N/A       56%         2
 Stone Arrow              Conj/Erth      0%         3d7       80%         3


Dungeon Overview and Level Annotations

Branches:
Dungeon (4/15)             Temple (1/1) D:4           Sewer (visited)

Altars:
Cheibriados
Dithmenos
Fedhas
Gozag
Hepliaklqana
Kikubaaqudgha
Nemelex Xobeh
Qazlal
Sif Muna
Vehumet
Xom
Yredelemnul


Innate Abilities, Weirdness & Mutations

You have a pair of small horns on your head.
You are partially covered in rugged brown scales. (AC +1, +3% HP)
You regenerate a little health from kills.


Message History

You kill the orc!
Your Dodging skill increases to level 5!
The orc shouts!
Things that are here:
a +0 mace; a +0 leather armour; an orc corpse An orc comes into view.
It is wielding a +0 mace.
The orc barely misses you.
You slash the orc!
You kill the orc!
The orc hits you but does no damage.
You hit the orc. You headbutt the orc.
The orc is almost dead.
The orc closely misses you. The orc hits you with a +0 hand axe.
You slash the orc!
You kill the orc!
No target in view!
No target in view!
No target in view!
You see here a +0 mace.
An ogre comes into view. It is wielding a +0 giant club.
Found 7 gold pieces.
The ogre hits you with a +0 giant club!!
You hit the ogre but do no damage. The ogre completely misses you.
You barely miss the ogre. You hit the ogre. You headbutt the ogre.
The ogre is moderately wounded.
The ogre hits you with a +0 giant club!
You are too injured to fight recklessly!
You are too injured to fight recklessly!
You hit the ogre.
The ogre is moderately wounded.
The ogre hits you but does no damage.
You hit the ogre but do no damage. You headbutt the ogre.
The ogre is heavily wounded.
The ogre closely misses you.
You slash the ogre!
The ogre is severely wounded.
The ogre hits you with a +0 giant club!!
Ouch! That really hurt!
You die...

#.....##.#########
#..#####.........#
#..#####.#######.#
#.........######.#
..##..##.......#.#
#.##..###.####.#.#
...............#.#
.....)....####.#.#
.###..##.#####.#@#
..).>..........#O#
.###.)...#####.#.#
## #)..........#.#
#......####.#.#
#.####.# ..#
#......# #.#
######## #.#


You could see an ogre.

Vanquished Creatures
  Grinder (D:3)
  A black bear (D:4)
  A kobold brigand (Sewer)
  A necrophage (D:4)
  2 scorpions (D:4)
  6 adders
  2 river rats (D:4)
  3 worms
  6 dart slugs
  11 orcs
  5 bats
  7 endoplasms
  4 giant cockroaches
  4 goblins
  7 hobgoblins
  8 jackals
  12 kobolds
  5 quokkas
  5 ball pythons
  A frilled lizard (D:2)
  8 rats
100 creatures vanquished.

Notes
Turn   | Place    | Note
-------+----------+-------------------------------------------
     0 | D:1      | ryw the Demonspawn Monk began the quest for the Orb.
     0 | D:1      | Reached XP level 1. HP: 18/18 MP: 1/1
   457 | D:1      | Gained mutation: You are partially covered in rugged brown
                  | scales. (AC +1, +3% HP) [demonic ancestry]
   457 | D:1      | Reached XP level 2. HP: 8/24 MP: 2/2
   896 | D:1      | Reached skill level 4 in Fighting
  1236 | D:1      | Gained mutation: You have a pair of small horns on your
                  | head. [demonic ancestry]
  1236 | D:1      | Reached XP level 3. HP: 16/30 MP: 3/3
  1406 | D:1      | Found a faded altar of an unknown god.
  2304 | D:3      | Reached XP level 4. HP: 28/39 MP: 4/4
  2484 | D:3      | Found a blossoming altar of Fedhas.
  2486 | D:3      | Noticed Grinder
  2497 | D:3      | Killed Grinder
  2498 | D:3      | Reached skill level 5 in Fighting
  2498 | D:3      | Gained mutation: You regenerate a little health from kills.
                  | [demonic ancestry]
  2498 | D:3      | Reached XP level 5. HP: 7/47 MP: 5/5
  2498 | D:3      | Reached XP level 6. HP: 8/53 MP: 6/6
  2783 | D:3      | Identified the +3 robe "Anutots" {Harm rF- rC+}
  3435 | D:3      | Found an ancient bone altar of Kikubaaqudgha.
  3527 | D:4      | Reached skill level 6 in Fighting
  3898 | D:4      | Reached skill level 1 in Long Blades
  3961 | D:4      | Reached XP level 7. HP: 33/60 MP: 7/7
  4179 | D:4      | Found a glowing drain.
  4193 | Sewer    | Entered a sewer
  4590 | D:4      | Found a shimmering blue altar of Sif Muna.
  4660 | D:4      | Found a staircase to the Ecumenical Temple.
  4692 | Temple   | Entered the Ecumenical Temple
  4888 | D:4      | Reached skill level 5 in Dodging
  4943 | D:4      | Mangled by an ogre

Illustrated notes

Levels and vault maps discovered:
D:1:      dpeg_arrival_long_road, layout_rooms,
          hellmonk_ecumenical_altar_inner_sanctum
D:2:      layout_basic
D:3:      layout_loops_ring, tso_metal_star, amcnicky_altar_gilded,
          nicolae_overflow_crystal_walls, marbit_many_paths, uniq_grinder
D:4:      layout_basic, led_sif_book, temple_green, portal_sewer_entry_e,
          grunt_decor_arrowhead
Temple:   hellmonk_temple_micro_hex

Skill      XL: |  1  2  3  4  5  6  7 |
---------------+----------------------+-----
Fighting       | 4 5 6 |  6.7
Dodging        | 4 5 |  5.0
Long Blades    | 1 2 |  2.5
Short Blades   | |  0.1
Stealth        | |  1.7
Unarmed Combat | |  2.8

Action                   |  1- 3 |  4- 6 |  7- 9 || total
-------------------------+-------+-------+-------++-------
Melee: Short sword       |   167 |       |       ||   167
       Unarmed           |    20 |     4 |       ||    24
       Punch             |     5 |     1 |       ||     6
       Headbutt          |    15 |    26 |    16 ||    57
       Falchion          |       |   104 |    94 ||   198
Throw: Stone             |     1 |       |       ||     1
 Stab: Sleeping          |     2 |     2 |     1 ||     5
Armor: Robe              |    16 |    31 |    37 ||    84
       Leather armour    |    39 |     3 |       ||    42
Dodge: Dodged            |   105 |    74 |    69 ||   248
Block: Buckler           |       |     5 |    15 ||    20

Table legend: (Time is in decaauts)
 A = Elapsed time spent in this place.
 B = Non-inter-level travel time spent in this place.
 C = Inter-level travel time spent in this place.
 D = Time resting spent in this place.
 E = Time spent auto-exploring this place.
 F = Levels seen in this place.
 G = Mean time per level.
                   A        B        C        D        E       F      G
               +--------+--------+--------+--------+--------+-----+--------+
         Total |   5016 |   4935 |     81 |    975 |   2906 |   6 |  836.0 |
       Dungeon |   4618 |   4537 |     81 |    975 |   2633 |   4 | 1154.5 |
        Temple |     29 |     29 |      0 |      0 |      0 |   1 |   29.0 |
         Sewer |    367 |    367 |      0 |      0 |    272 |   1 |  367.0 |
               +--------+--------+--------+--------+--------+-----+--------+

Top non-repeatable levels by time:
     D:1: 1418 daAuts
     D:4: 1130 daAuts
     D:2: 1099 daAuts
     D:3: 970 daAuts
   Sewer: 367 daAuts
  Temple: 29 daAuts
